 Dungeon Crawl Stone Soup version 0.30.1-4-g462c640d31 (webtiles) character file.

Game seed: 9471061568999719079

83 Almogavar the Thaumaturge (level 4, -1/34 HPs)
             Began as a Gnoll Wanderer on Sept 9, 2023.
             Slain by a wolf (6 damage)
             ... on level 4 of the Dungeon.
             The game lasted 00:08:40 (1862 turns).

Almogavar the Thaumaturge (Gnoll Wanderer)          Turns: 1862, Time: 00:08:40

Health: -1/34      AC:  4    Str:  9    XL:     4   Next: 44%
Magic:  12/15      EV: 13    Int: 14    God:
Gold:   149        SH:  0    Dex: 19    Spells: 20/21 levels left

rFire   + . .        a - +2 dagger
rCold   . . .        (no shield)
rNeg    . . .        e - +0 robe
rPois   .            u - +0 helmet
rElec   .            h - +0 cloak
rCorr   .            (no gloves)
SInv    .            (no boots)
Will    .....        (no amulet)
Stlth   +++          g - ring of protection from fire
HPRegen 0.25/turn    s - +6 ring of dexterity
MPRegen 0.14/turn

%: no passive effects
@: no status effects
A: fangs 1, strong nose, distributed training
a: no special abilities


You were on level 4 of the Dungeon.
You visited 1 branch of the dungeon, and saw 4 of its levels.

You collected 149 gold pieces.

Inventory:

Hand Weapons
 a - a +2 dagger (weapon)
 t - a +3 short sword
Armour
 e - a +0 robe (worn)
 h - a +0 cloak (worn)
 o - a +0 ring mail
 u - a +0 helmet (worn)
Jewellery
 g - a ring of protection from fire (left hand)
 s - a +6 ring of dexterity (right hand)
Wands
 c - a wand of polymorph (3)
Scrolls
 d - a scroll of blinking
 j - 3 scrolls of magic mapping
 m - a scroll of fog {unknown}
 p - a scroll of vulnerability {unknown}
 q - a scroll of poison {unknown}
 r - a scroll of fear {unknown}
 w - a scroll of identify
Potions
 b - a potion of invisibility
 f - 2 potions of mutation
 i - 2 potions of ambrosia
 k - a potion of might {unknown}
 l - 2 potions of heal wounds {unknown}
 n - 4 potions of flight {unknown}
 v - a potion of brilliance {unknown}


   Skills:
 + Level 2.8 Fighting
 + Level 1.2 Short Blades
 + Level 1.2 Long Blades
 + Level 1.2 Axes
 + Level 1.2 Maces & Flails
 + Level 1.2 Polearms
 + Level 1.2 Staves
 + Level 1.2 Ranged Weapons
 + Level 1.2 Throwing
 + Level 1.2 Armour
 + Level 2.8 Dodging
 + Level 4.3 Stealth
 + Level 1.2 Shields
 + Level 1.2 Unarmed Combat
 + Level 9.3 Spellcasting
 + Level 1.0 Conjurations
 + Level 1.0 Hexes
 + Level 1.0 Summonings
 + Level 1.0 Necromancy
 + Level 1.0 Translocations
 + Level 1.0 Transmutations
 + Level 1.0 Fire Magic
 + Level 1.0 Ice Magic
 + Level 1.0 Air Magic
 + Level 1.0 Earth Magic
 + Level 1.0 Poison Magic
 + Level 1.3 Invocations
 + Level 4.6 Evocations


You had 20 spell levels left.
You knew the following spells:

 Your Spells              Type           Power      Damage    Failure   Level
a - Necrotise             Necr           36%        1d5       8%          1

Your spell library contained the following spells:

 Spells                   Type           Power      Damage    Failure   Level
 Apportation              Tloc           18%        N/A       8%          1
 Summon Small Mammal      Summ           36%        N/A       8%          1
 Sublimation of Blood     Necr           9%         N/A       11%         2
 Wereblood                Tmut           9%         N/A       11%         2
 Ozocubu's Armour         Ice            9%         N/A       22%         3
 Vampiric Draining        Necr           9%         2d6       22%         3
 Metabolic Englaciation   Hex/Ice        4%         N/A       90%         5
 Simulacrum               Ice/Necr       4%         N/A       100%        6
 Summon Hydra             Summ           4%         N/A       100%        7


Dungeon Overview and Level Annotations

Branches:
Dungeon (4/15)
 Temple: D:4-7

Altars:
Elyvilon
Fedhas
Kikubaaqudgha

Shops:
D:3 *


Innate Abilities, Weirdness & Mutations

You have very sharp teeth.
Your uncanny sense of smell can sniff out nearby items.
Your experience applies equally to all skills.


Message History

The wolf barely misses you. x2
You barely miss the wolf. You punch the wolf.
The wolf is heavily wounded.
The wolf bites you but does no damage.
You closely miss the wolf.
The wolf is heavily wounded.
The wolf completely misses you. The wolf barely misses you.
You barely miss the wolf.
The wolf is heavily wounded.
The wolf barely misses you.
You closely miss the wolf. Your bite misses the wolf.
The wolf is heavily wounded.
The wolf bites you but does no damage. The wolf bites you.
You barely miss the wolf.
The wolf is heavily wounded.
The wolf bites you. The wolf closely misses you.
You hit the wolf but do no damage.
The wolf is heavily wounded.
The wolf bites you. x2
You hit the wolf but do no damage.
The wolf is heavily wounded.
The wolf bites you.
You hit the wolf but do no damage. Your punch misses the wolf.
The wolf is heavily wounded.
The wolf bites you! x2
* * * LOW HITPOINT WARNING * * *
Casting: Necrotise (safe; 8% risk of failure)
Confirm with . or Enter, or press ? or * to list all spells.
Aiming: Necrotise (safe; 8% risk of failure)
Press: ? - help, Shift-Dir - straight line, f/p - wolf
Aim: a wolf (heavily wounded, chance to affect: 61%)
The wolf resists with significant effort.
The wolf closely misses you. x2
Casting: Necrotise (safe; 8% risk of failure)
Confirm with . or Enter, or press ? or * to list all spells.
Aiming: Necrotise (safe; 8% risk of failure)
Press: ? - help, Shift-Dir - straight line, f/p - wolf
Aim: a wolf (heavily wounded, chance to affect: 61%)
The wolf writhes in agony.
The wolf bites you.
You die...

## ###### ...
####....### ####...
##....##...#### .......
...#######....###.......
#### ####...#.......
###......... ∆
##@h...... ∆ ##.......
....... ∆ .......
....... ....... .......
∆ .....##


You could see a wolf.

Vanquished Creatures
  3 adders
  3 endoplasms
  3 giant cockroaches
  A goblin (D:1)
  4 hobgoblins
  4 jackals (D:2)
  6 kobolds
  4 quokkas
  4 ball pythons
  9 bats
  3 frilled lizards
  2 rats
46 creatures vanquished.

Vanquished Creatures (collateral kills)
  A worm (D:3)
  A giant cockroach (D:1)
  A hobgoblin (D:1)
  A quokka (D:1)
  A bat (D:1)
5 creatures vanquished.

Grand Total: 51 creatures vanquished

Notes
Turn   | Place    | Note
-------+----------+-------------------------------------------
     0 | D:1      | Reached skill level 9 in Spellcasting
     0 | D:1      | Almogavar the Gnoll Wanderer began the quest for the Orb.
     0 | D:1      | Almogavar set off with the following items: a +2 dagger, a
                  | potion of invisibility, a wand of polymorph (4), a scroll
                  | of blinking, a +0 robe; and the following spell memorised:
                  | Necrotise; and the following spells available to memorise:
                  | Vampiric Draining.
     0 | D:1      | Reached XP level 1. HP: 17/17 MP: 10/10
   193 | D:1      | Reached XP level 2. HP: 23/23 MP: 12/12
   289 | D:1      | You fall into a shaft and drop 1 floor!
   532 | D:1      | Reached XP level 3. HP: 26/28 MP: 11/13
   664 | D:1      | Found a faded altar of an unknown god.
   790 | D:2      | Reached skill level 1 in Invocations
  1054 | D:2      | Reached skill level 1 in Short Blades
  1054 | D:2      | Reached skill level 1 in Long Blades
  1054 | D:2      | Reached skill level 1 in Axes
  1054 | D:2      | Reached skill level 1 in Maces & Flails
  1054 | D:2      | Reached skill level 1 in Polearms
  1054 | D:2      | Reached skill level 1 in Staves
  1054 | D:2      | Reached skill level 1 in Ranged Weapons
  1054 | D:2      | Reached skill level 1 in Throwing
  1054 | D:2      | Reached skill level 1 in Armour
  1054 | D:2      | Reached skill level 1 in Shields
  1054 | D:2      | Reached skill level 1 in Unarmed Combat
  1292 | D:3      | Found a white marble altar of Elyvilon.
  1363 | D:3      | Found Juclocyk's General Store.
  1367 | D:3      | Reached XP level 4. HP: 34/34 MP: 15/15
  1480 | D:3      | Found a blossoming altar of Fedhas.
  1708 | D:3      | Reached skill level 1 in Conjurations
  1708 | D:3      | Reached skill level 1 in Hexes
  1708 | D:3      | Reached skill level 1 in Summonings
  1708 | D:3      | Reached skill level 1 in Necromancy
  1708 | D:3      | Reached skill level 1 in Translocations
  1708 | D:3      | Reached skill level 1 in Transmutations
  1708 | D:3      | Reached skill level 1 in Fire Magic
  1708 | D:3      | Reached skill level 1 in Ice Magic
  1708 | D:3      | Reached skill level 1 in Air Magic
  1708 | D:3      | Reached skill level 1 in Earth Magic
  1708 | D:3      | Reached skill level 1 in Poison Magic
  1777 | D:4      | Found an ancient bone altar of Kikubaaqudgha.
  1845 | D:4      | Noticed a scorpion
  1848 | D:4      | a scorpion changed into a wolf
  1848 | D:4      | Noticed a wolf
  1862 | D:4      | Slain by a wolf

Illustrated notes

Levels and vault maps discovered:
D:1:      onia_arrival_mini_spirals, layout_rooms,
          dilly_ecumenical_altar_fadedgnrine
D:2:      layout_loops_ring
D:3:      layout_rooms, mainiacjoe_overflow_catwalk,
          mainiacjoe_overflow_six_doors_small, serial_shops, shop
D:4:      minmay_octagon_keep, layout_basic,
          nicolae_kikubaaqudgha_miasma_corner, minmay_temple_entry_glassed_door,
          gammafunk_ghost_abyssal_escape

Skill      XL: |  1  2  3  4 |
---------------+-------------+-----
Spellcasting   | |  9.3
Invocations    | 1 |  1.3
Short Blades   | 1 |  1.2
Long Blades    | 1 |  1.2
Axes           | 1 |  1.2
Maces & Flails | 1 |  1.2
Polearms       | 1 |  1.2
Staves         | 1 |  1.2
Ranged Weapons | 1 |  1.2
Throwing       | 1 |  1.2
Armour         | 1 |  1.2
Shields        | 1 |  1.2
Unarmed Combat | 1 |  1.2
Conjurations   | 1 |  1.0
Hexes          | 1 |  1.0
Summonings     | 1 |  1.0
Necromancy     | 1 |  1.0
Translocations | 1 |  1.0
Transmutations | 1 |  1.0
Fire Magic     | 1 |  1.0
Ice Magic      | 1 |  1.0
Air Magic      | 1 |  1.0
Earth Magic    | 1 |  1.0
Poison Magic   | 1 |  1.0
Fighting       | |  2.8
Dodging        | |  2.8
Stealth        | |  4.3
Evocations     | |  4.6

Action                     |  1- 3 |  4- 6 || total
---------------------------+-------+-------++-------
  Melee: Dagger            |   101 |    28 ||   129
         Bite              |    10 |     2 ||    12
         Punch             |       |     1 ||     1
   Cast: Necrotise         |    20 |     6 ||    26
  Evoke: Wand              |       |     1 ||     1
    Use: Scroll            |     4 |       ||     4
   Stab: Sleeping          |    10 |     2 ||    12
 Armour: Robe              |    21 |     3 ||    24
  Dodge: Dodged            |    70 |    22 ||    92
